 Dungeon Crawl Stone Soup version 0.22.1-1-ga44c0e5 (webtiles) character file.

72 Anon1729 the Chopper (level 4, -8/40 HPs)
             Began as a Naga Gladiator on Sept 29, 2018.
             Was a Believer of Uskayaw.
             Mangled by a gnoll
             ... wielding a +0 halberd
              (10 damage)
             ... on level 2 of the Dungeon.
             The game lasted 00:03:43 (1200 turns).

Anon1729 the Chopper (Naga Gladiator)               Turns: 1200, Time: 00:03:44

Health: -8/40      AC:  4    Str: 13 (16) XL:     4   Next: 26%
Magic:  4/4        EV: 10    Int:  8 (10) God:    Uskayaw [**....]
Gold:   50         SH:  0    Dex:  9 (12) Spells: 3/3 levels left

rFire    . . .     SeeInvis +   a - +0 war axe
rCold    . . .     Gourm    .   (no shield)
rNeg     . . .     Faith    .   b - +0 leather armour
rPois    +         Spirit   .   c - +0 helmet
rElec    .         Reflect  .   (no cloak)
rCorr    .         Harm     .   (no gloves)
MR       .....                  (no barding)
Stlth    +.........             (no amulet)
HPRegen  0.13/turn              (no ring)
MPRegen  0.09/turn              (no ring)

@: very slow
A: large, see invisible, deformed body, poison resistance, slowness 2, slow
metabolism 1, spit poison 1, AC +1
a: Spit Poison, Stomp, Line Pass, Renounce Religion


You were on level 2 of the Dungeon.
You worshipped Uskayaw.
Uskayaw was noncommittal.
You were not hungry.

You visited 1 branch of the dungeon, and saw 2 of its levels.

You collected 50 gold pieces.

Inventory:

Hand Weapons
 a - a +0 war axe (weapon)
Missiles
 d - 3 throwing nets (quivered)
Armour
 b - a +0 leather armour (worn)
 c - a +0 helmet (worn)
Jewellery
 j - an uncursed ring of stealth {unknown}
Scrolls
 e - 3 scrolls of remove curse {unknown}
 i - 2 scrolls of teleportation {unknown}
 l - a scroll of fog {unknown}
 n - a scroll of immolation {unknown}
Potions
 g - a potion of curing {unknown}
 h - a potion of haste {unknown}
 o - a potion of mutation {unknown}
Comestibles
 f - 2 rations


   Skills:
 + Level 2.5 Fighting
 * Level 3.8 Axes
 - Level 2.0 Throwing
 + Level 1.1 Armour
 + Level 2.7 Dodging


You had 3 spell levels left.
You didn't know any spells.
Your spell library was empty.

Dungeon Overview and Level Annotations

Branches:
Dungeon (2/15)

Altars:
Fedhas
Trog
Uskayaw
Vehumet
The Shining One


Innate Abilities, Weirdness & Mutations

You cannot wear boots.
Your serpentine skin is tough. (AC +1)
You have supernaturally acute eyesight. (SInv)
Armour fits poorly on your strangely shaped body.
Your system is resistant to poisons. (rPois)
You cover ground very slowly.
You have a slow metabolism.
You can spit poison.


Message History

You hit the gnoll. You miss the frilled lizard.
The frilled lizard closely misses you. The gnoll hits you with a halberd.
The gnoll hits you with a spear. The frilled lizard misses you.
Unknown command.
You hit the gnoll but do no damage.
The gnoll is lightly wounded.
You closely miss the gnoll. You hit the frilled lizard.
You kill the frilled lizard!
The gnoll hits you with a halberd!
* * * LOW HITPOINT WARNING * * *
The gnoll hits you with a spear.
* * * LOW HITPOINT WARNING * * *
Unknown command.
Unknown command.
Unknown command.
It was a potion of degeneration.
There was something very wrong with that liquid.
You feel weakened.
You feel dopey.
You feel clumsy. The gnoll hits you but does no damage.
The gnoll hits you with a halberd!
You die...

.. #.# ..
#.##<##### ..
#........#
.###.##.###.#
..#.# #.# #.#
..... #g#.###.#
#.# ... #g#.##..#
#.# ...
#..###g#.#.#.# #.#
...
#.....g@..###.##.#
#.# ##.###.(.##
#.#.# #.#
........# ##.# #.#
########.#
#.####.## #.#
#........ .#
######.## # #...
####


You could see 4 gnolls.

Vanquished Creatures
  2 adders (D:2)
  2 oozes (D:2)
  A worm (D:2)
  3 dart slugs
  4 leopard geckos
  4 bats
  A giant cockroach (D:1)
  A hobgoblin (D:1)
  A ball python (D:1)
  3 frilled lizards
  6 goblins
  5 kobolds
  A rat (D:2)
34 creatures vanquished.

Vanquished Creatures (others)
  A hobgoblin (D:2)
1 creature vanquished.

Grand Total: 35 creatures vanquished

Notes
Turn   | Place    | Note
-------+----------+-------------------------------------------
     0 | D:1      | Anon1729 the Naga Gladiator began the quest for the Orb.
     0 | D:1      | Reached XP level 1. HP: 19/19 MP: 1/1
    77 | D:1      | Reached XP level 2. HP: 23/26 MP: 2/2
   693 | D:2      | Reached XP level 3. HP: 25/32 MP: 3/3
   708 | D:2      | Found a faded altar of an unknown god.
   738 | D:2      | Found a hide-covered altar of Uskayaw.
   738 | D:2      | Found a glowing golden altar of the Shining One.
   751 | D:2      | Found a blossoming altar of Fedhas.
   753 | D:2      | Became a worshipper of Uskayaw the Reveler
   838 | D:2      | Reached * piety under Uskayaw
   845 | D:2      | Found a bloodstained altar of Trog.
   847 | D:2      | Found a radiant altar of Vehumet.
   910 | D:2      | Reached skill level 1 in Armour
   937 | D:2      | Reached XP level 4. HP: 21/40 MP: 4/4
  1197 | D:2      | Reached ** piety under Uskayaw
  1199 | D:2      | HP: 2/40 [gnoll/spear (3)]
  1200 | D:2      | Mangled by a gnoll

Skill      XL: |  1  2  3 |
---------------+----------+-----
Throwing       | 2 |  2.0
Armour         | 1 |  1.1
Fighting       | |  2.5
Axes           | |  3.8
Dodging        | |  2.7

Action                   |  1- 3 |  4- 6 || total
-------------------------+-------+-------++-------
Melee: War axe           |   109 |    23 ||   132
 Abil: Spit Poison       |     1 |       ||     1
  Use: Potion            |       |     1 ||     1
  Eat: Chunk             |       |     1 ||     1
Armor: Leather armour    |    27 |     9 ||    36
Dodge: Dodged            |    65 |    17 ||    82
